 Dungeon Crawl Stone Soup version 0.31-a0-986-g5e6e4ef867 (webtiles) character file.

Game seed: 8060576814237590709

144 lunkers the Insei (level 5, -8/40 HPs)
             Began as a Meteoran Shapeshifter on Nov 16, 2023.
             Mangled by an ogre
             ... wielding a +0 giant club
              (19 damage)
             ... on level 4 of the Dungeon.
             The game lasted 00:03:10 (1366 turns).

lunkers the Insei (Meteoran Shapeshifter)           Turns: 1366, Time: 00:03:10

Health: -8/40      AC:  8    Str: 15    XL:     5   Next: 81%
Magic:  6/6        EV:  7    Int: 12    God:
Gold:   88         SH:  0    Dex: 15    Spells: 4/4 levels left

rFire   . .          .
                       - Unarmed
rCold   . . .        (no shield)
rNeg    . . .        n - +0 chain mail
rPois   .            (helmet currently unavailable)
rElec   .            (cloak currently unavailable)
rCorr   .            (gloves currently unavailable)
SInv    .            (boots currently unavailable)
Will    .....        (no amulet) Stlth
                     (no ring)
HPRegen 0.26/turn    (no ring)
MPRegen 0.10/turn

%: no passive effects
@: beast-form, glowing
A: beast (slay +2), sense surroundings 1, otherworldly, glowing, explore regen
a: Begin Untransformation


You were on level 4 of the Dungeon.
You were a hulking beast.
You visited 1 branch of the dungeon, and saw 4 of its levels.

You collected 88 gold pieces.

Inventory:

Armour
 a - a +0 animal skin
 m - a +0 pair of gloves
 n - a +0 chain mail (worn)
Talismans
 c - a beast talisman
 d - a flux talisman
 o - a granite talisman
Wands
 h - a wand of digging (4)
Scrolls
 e - 2 scrolls of enchant weapon {unknown}
 i - a scroll of noise {unknown}
 k - a scroll of revelation {unknown}
 l - a scroll of teleportation {unknown}
Potions
 b - a potion of lignification
 f - a potion of might {unknown}
 g - 4 potions of curing {unknown}
 j - a potion of brilliance {unknown}
 p - a potion of magic {unknown}
 q - a potion of degeneration {unknown}


   Skills:
 - Level 1.1 Fighting
 - Level 2.1 Dodging
 * Level 6.1 Unarmed Combat
 + Level 4.8 Shapeshifting


You had 4 spell levels left.
You didn't know any spells.
Your spell library was empty.

Dungeon Overview and Level Annotations

Branches:
Dungeon (4/15) Zot: 1044
 Temple: D:4-7

Altars:


Innate Abilities, Weirdness & Mutations

You are a hulking beast.
Your limbs bulge with bestial killing power. (Slay +2)
You passively map a small area around you.
You are easily found by Zot.
You glow in the dark.
You regain HP and MP as you explore.


Message History

No target in view!
No target in view!
You see here a giant cockroach corpse.
A ball python comes into view.
Found a leather armour.
The ball python hisses angrily.
The ball python barely misses you. The ball python grabs you.
The ball python constricts you.
A ball python is nearby!
You hit the ball python.
You kill the ball python!
No target in view!
No target in view!
No target in view!
You see here a giant cockroach corpse.
An orc wizard and an ogre come into view.
The orc wizard is wielding a +2 vampiric dagger.
The orc wizard shouts!
The ogre shouts!
The orc wizard hits you with a +2 vampiric dagger.
You hit the orc wizard.
The orc wizard is lightly wounded.
The orc wizard hits you but does no damage.
You hit the orc wizard.
You punch the orc wizard, but do no damage.
The orc wizard is moderately wounded.
The orc wizard hits you with a +2 vampiric dagger.
You punch the orc wizard!
You kill the orc wizard!
Your Unarmed Combat skill increases to level 6!
You barely miss the ogre.
The ogre hits you with a +0 giant club!!
Ouch! That really hurt!
* * * LOW HITPOINT WARNING * * *
You punch the ogre!
The ogre is moderately wounded.
Unknown command.
You hit the ogre but do no damage.
The ogre is moderately wounded.
The ogre hits you with a +0 giant club!!
You die...

* , , * #....>>..#### ,
#.........#.. ,
#.........#.. * , ,
#.........#.. * ,,,
*#####+##'###### ,, , **
*............... ### *
#####............ , ,
##~≈#*##..###..)........
,
8#.≈~.##h##.#.#..<.......
,
#.~~.#O##.##............
#.~o..###.##....#'######
#.~~.##,#.##.#).<...#...
, #.~~.# ##.##.......#...
, #.~~.#.*
#.#........#...
#.~~.#.###.##..)#'####..
#.~~. #.#.##.#..#.####..
#.~~. *#.###............


You could see an ogre.

Vanquished Creatures
  An iguana (D:4)
  An orc wizard (D:4)
  4 adders
  A worm (D:2)
  2 dart slugs
  8 orcs
  4 endoplasms
  4 giant cockroaches
  A goblin (D:1)
  2 hobgoblins
  2 quokkas (D:1)
  7 ball pythons
  4 bats
  A frilled lizard (D:2)
  A kobold (D:1)
  3 rats
46 creatures vanquished.

Notes
Turn   | Place    | Note
-------+----------+-------------------------------------------
     0 | D:1      | lunkers the Meteoran Shapeshifter began the quest for the
                  | Orb.
     0 | D:1      | Reached XP level 1. HP: 16/16 MP: 2/2
   145 | D:1      | Reached XP level 2. HP: 19/23 MP: 3/3
   178 | D:1      | Reached skill level 4 in Unarmed Combat
   282 | D:2      | Found a faded altar of an unknown god.
   290 | D:2      | Reached XP level 3. HP: 25/28 MP: 4/4
   442 | D:2      | Reached skill level 5 in Unarmed Combat
   442 | D:2      | Reached XP level 4. HP: 18/35 MP: 5/5
   965 | D:3      | Reached XP level 5. HP: 40/40 MP: 6/6
  1354 | D:4      | Noticed an ogre
  1364 | D:4      | Reached skill level 6 in Unarmed Combat
  1366 | D:4      | Mangled by an ogre

Illustrated notes

Levels and vault maps discovered:
D:1:      dpeg_arrival_three_same_balls, layout_basic
D:2:      layout_rooms, hellmonk_ecumenical_altar_lost_god
D:3:      layout_rooms, wad_orctagon
D:4:      wad_river_or_something, layout_gridville,
          mainiacjoe_overflow_concentric_impassable

Skill      XL: |  1  2  3  4  5 |
---------------+----------------+-----
Unarmed Combat | 4 5 6 |  6.1
Shapeshifting  | 4 |  4.8
Fighting       | |  1.1
Dodging        | |  2.1

Action                     |  1- 3 |  4- 6 || total
---------------------------+-------+-------++-------
  Melee: Unarmed           |    67 |    51 ||   118
         Punch             |     1 |     4 ||     5
 Armour: Animal skin       |    31 |    13 ||    44
         Chain mail        |       |    21 ||    21
  Dodge: Dodged            |    33 |    28 ||    61

Table legend: (Time is in decaauts)
 A = Elapsed time spent in this place.
 B = Non-inter-level travel time spent in this place.
 C = Inter-level travel time spent in this place.
 D = Time resting spent in this place.
 E = Time spent auto-exploring this place.
 F = Levels seen in this place.
 G = Mean time per level.
                   A        B        C        D        E       F      G
               +--------+--------+--------+--------+--------+-----+--------+
         Total |   1354 |   1335 |     19 |      0 |    911 |   4 |  338.5 |
       Dungeon |   1354 |   1335 |     19 |      0 |    911 |   4 |  338.5 |
               +--------+--------+--------+--------+--------+-----+--------+

Top non-repeatable levels by time:
     D:3: 421 daAuts
     D:2: 368 daAuts
     D:4: 288 daAuts
     D:1: 276 daAuts
